Map: Catalyst LE

Players

TRUE - Winner!

  • Race: Zerg Zerg
  • Spawn Location: 5:00

Leenock

  • Race: Zerg Zerg
  • Spawn Location: 11:00

Event: IEM Season 12 - Katowice

VOD

Have the link to the VOD?

Description

Time

  • Played on: Feb. 26, 2018, 10:22 a.m.
  • Length: 8:41

All games in this series

Show
View Real Time Build Order
Export as new Build Order

TRUE Zerg - Winner!

Build Orders: Hatch First, Zergling Baneling 

Get SALT Encoding   

  12  0:00  Drone  
  13  0:12  Overlord  
  13  0:16  Drone  
  14  0:30  Drone x2  
  14  0:33  Drone  
  17  0:51  Hatchery  
  16  1:04  Spawning Pool  
  15  1:07  Drone  
  15  1:09  Extractor  
  15  1:12  Drone  
  15  1:16  Drone  
  17  1:20  Drone  
  18  1:48  Drone  
  18  1:50  Queen  
  18  1:51  Overlord  
  21  2:03  Queen  
  21  2:05  Drone x2  
  21  2:06  Drone  
  26  2:11  Drone  
  27  2:15  Metabolic Boost  
  27  2:17  Drone  
  27  2:22  Drone  
  29  2:25  Drone  
  30  2:40  Baneling Nest  
  29  2:47  Hatchery, Zergling x2  
  29  2:50  Drone  
  30  2:57  Drone, Zergling x2  
  30  2:58  Overlord  
  32  3:03  Zergling x2  
  33  3:09  Queen  
  33  3:12  Zergling x2  
  36  3:17  Drone  
  36  3:18  Drone x2  
  39  3:26  Baneling x2  
  39  3:31  Drone x2  
  39  3:32  Drone x2  
  43  3:34  Overlord  
  43  3:40  Drone  
  44  3:51  Overlord  
  44  3:53  Drone  
  44  3:54  Drone x4  
  49  4:00  Zergling x4  
  49  4:01  Zergling x2  
  52  4:04  Zergling x4  
  53  4:11  Drone x3  
  53  4:19  Baneling x2  
  53  4:20  Zergling x4  
  53  4:21  Zergling x4  
  53  4:22  Lair  
  53  4:23  Zergling x2  
  58  4:24  Zergling x2  
  58  4:28  Zergling x2  
  59  4:32  Zergling x2  
  59  4:33  Zergling x2  
  59  4:38  Zergling x2  
  61  4:39  Baneling  
  61  4:41  Zergling x6  
  61  4:42  Zergling x2  
  61  4:44  Zergling x2  
  64  4:47  Baneling x2  
  64  4:49  Baneling x2, Zergling x2  
  64  4:51  Queen  
  64  4:53  Zergling x4  
  64  4:54  Zergling x2  
  64  4:56  Baneling  
  66  5:04  Zergling x2  
  64  5:07  Zergling x4  
  64  5:11  Zergling x2  
  64  5:14  Baneling x2  
  63  5:16  Zergling x4  
  63  5:19  Baneling  
  63  5:21  Zergling x2  
  63  5:23  Zergling x2  
  63  5:27  Queen  
  65  5:29  Zergling x4  
  65  5:32  Zergling x4  
  65  5:35  Zergling x4  
  65  5:40  Baneling  
  65  5:41  Baneling, Zergling x4  
  65  5:52  Zergling x2  
  65  5:53  Zergling x2  
  65  5:57  Overlord, Zergling x2  
  66  5:59  Zergling x6  
  66  6:01  Zergling x2  
  66  6:02  Zergling x2  
  66  6:04  Zergling x4  
  65  6:06  Baneling x2  
  65  6:22  Zergling x2  
  63  6:25  Zergling x6  
  63  6:26  Zergling x4  
  63  6:27  Zergling x4  
  63  6:28  Zergling x4  
  63  6:30  Zergling x2  
  63  6:31  Zergling x2  
  62  6:34  Zergling x2  
  62  6:36  Zergling x2  
  62  6:39  Zergling x2  
  64  6:40  Zergling x4  
  64  6:42  Zergling x2  
  64  6:43  Zergling x6  
  64  6:44  Zergling x2  
  66  6:50  Baneling  
  66  6:51  Baneling, Zergling x2  
  66  6:53  Zergling x2  
  66  6:54  Spine Crawler  
  63  6:55  Zergling x2  
  63  6:59  Zergling x2  
  64  7:03  Zergling x2  
  64  7:07  Zergling x2  
  66  7:10  Zergling x2  
  66  7:13  Zergling x2  
  68  7:17  Baneling x2, Zergling x2  
  68  7:19  Baneling x4  
  68  7:21  Zergling x2  
  69  7:27  Zergling x4  
  62  7:31  Zergling x4  
  62  7:32  Zergling x8  
  62  7:36  Zergling x2  
  65  7:37  Zergling x2  
  65  7:38  Zergling x2  
  65  7:41  Baneling  
  65  7:42  Baneling x2  
  65  7:45  Zergling x2  
  65  7:46  Queen  
  65  7:49  Zergling x4  
  67  8:01  Zergling x2  
  67  8:02  Zergling x2  
  65  8:07  Zergling x2  
  65  8:10  Baneling x2  
  65  8:15  Zergling x2  
  65  8:17  Zergling x2  
  65  8:18  Zergling x4  
  67  8:21  Zergling x6  
  67  8:22  Zergling x4  
Show
View Real Time Build Order
Export as new Build Order

Leenock Zerg 

Build Orders: Hatch First, Zergling Baneling 

Get SALT Encoding   

  12  0:00  Drone  
  13  0:13  Overlord  
  13  0:16  Drone  
  14  0:31  Drone x2  
  17  0:35  Drone  
  17  0:51  Hatchery  
  17  0:54  Drone  
  17  0:57  Drone  
  17  1:03  Extractor  
  17  1:13  Spawning Pool  
  17  1:16  Drone  
  17  1:19  Drone  
  18  1:28  Drone  
  19  1:39  Overlord  
  19  1:50  Drone  
  20  2:00  Queen  
  22  2:01  Drone  
  22  2:03  Metabolic Boost  
  22  2:04  Queen  
  22  2:08  Drone  
  26  2:12  Drone  
  28  2:15  Drone  
  28  2:22  Drone  
  29  2:25  Drone  
  29  2:29  Baneling Nest  
  29  2:33  Drone  
  30  2:37  Drone  
  31  2:47  Hatchery  
  31  2:50  Drone  
  31  2:54  Overlord  
  31  2:57  Drone  
  32  3:01  Overlord  
  32  3:05  Zergling x2  
  33  3:08  Drone  
  33  3:09  Drone  
  33  3:11  Drone  
  37  3:12  Drone  
  37  3:15  Zergling x2  
  37  3:17  Zergling x2  
  39  3:20  Drone  
  39  3:21  Drone  
  39  3:26  Baneling x2  
  41  3:28  Drone x2  
  41  3:33  Queen  
  45  3:36  Baneling  
  45  3:37  Baneling  
  45  3:45  Zergling x10  
  50  3:51  Overlord  
  50  3:54  Extractor, Zergling x2  
  50  3:55  Lair  
  50  4:01  Zergling x6  
  52  4:04  Zergling x2  
  52  4:07  Zergling x2  
  53  4:10  Baneling x2  
  53  4:11  Zergling x2  
  53  4:13  Zergling x6  
  55  4:18  Zergling x4  
  55  4:20  Zergling x2  
  55  4:21  Zergling x2  
  55  4:22  Zergling x2  
  55  4:23  Zergling x2  
  61  4:26  Baneling x2  
  61  4:28  Zergling x2  
  61  4:33  Zergling x4  
  58  4:38  Zergling x2  
  58  4:42  Baneling x4  
  58  4:43  Zergling x4  
  58  4:50  Zergling x2  
  58  4:53  Baneling x2, Zergling x2  
  58  4:57  Zergling x2  
  58  4:58  Zergling x2  
  61  5:02  Zergling x2  
  61  5:03  Zergling x4  
  61  5:04  Zergling x6  
  61  5:06  Baneling x2  
  63  5:09  Zergling x2  
  63  5:11  Zergling x2  
  63  5:13  Zergling x2  
  60  5:15  Baneling x2  
  59  5:23  Zergling x2  
  59  5:26  Drone x3  
  59  5:28  Zergling x4  
  61  5:29  Zergling x2  
  61  5:32  Zergling x2  
  61  5:35  Zergling x2  
  57  5:36  Baneling x2, Zergling x4  
  57  5:38  Zergling x2  
  57  5:41  Zergling x4  
  57  5:42  Zergling x2  
  61  5:43  Zergling x2  
  61  5:45  Zergling x2  
  61  6:00  Zergling x8  
  58  6:05  Baneling, Zergling x2  
  58  6:06  Baneling, Zergling x2  
  58  6:07  Zergling x2  
  58  6:08  Baneling x5  
  58  6:09  Zergling x4  
  58  6:11  Zergling x4  
  65  6:12  Zergling x2  
  63  6:25  Zergling x2  
  63  6:27  Zergling x8  
  63  6:30  Zergling x2  
  60  6:33  Zergling x2  
  60  6:34  Zergling x2  
  60  6:35  Queen  
  61  6:40  Drone  
  61  6:47  Zergling x2  
  61  6:48  Zergling x2  
  61  6:49  Zergling x2  
  61  6:50  Zergling x2  
  61  6:51  Zergling x8  
  62  6:54  Baneling x4  
  62  6:56  Drone  
  62  6:58  Extractor  
  62  6:59  Spire  
  60  7:02  Zergling x2  
  60  7:03  Zergling x2  
  60  7:07  Zergling x2  
  62  7:11  Baneling x2  
  62  7:14  Zergling x2  
  63  7:21  Zergling x2  
  62  7:23  Zergling x2  
  62  7:28  Zergling x4  
  62  7:29  Zergling x4  
  62  7:31  Zergling x2  
  53  7:44  Zergling x2  
  53  7:45  Zergling x8  
  53  7:51  Zergling x2  
  55  7:53  Zergling x2  
  52  8:01  Zergling x4  
  52  8:04  Zergling x2  
  52  8:05  Queen, Zergling x2  
  52  8:07  Zergling x2  
  52  8:08  Zergling x4  
  52  8:10  Zergling x2  
  52  8:11  Baneling x2  
  49  8:15  Mutalisk  
  49  8:16  Mutalisk x2  
  49  8:17  Mutalisk  

Tags
 
Add a new tag
Caveats
  • Supply blocks, unpowered buildings, or Contaminate may cause inaccurate times.
  • Supply counts are checked every 10 seconds.